 Dungeon Crawl Stone Soup version 0.29.0-4-gdea44cf6ec (webtiles) character file.

Game seed: 14822304267894868716

297 qw the Chopper (level 6, 0/63 HPs)
             Began as an Ogre Enchanter on Sept 3, 2022.
             Slain by a lemure (7 damage)
             ... led by Pikel
             ... on level 4 of the Dungeon.
             The game lasted 00:02:00 (4438 turns).

qw the Chopper (Ogre Enchanter)                     Turns: 4438, Time: 00:02:00

Health: 0/63       AC:  3    Str: 15    XL:     6   Next: 35%
Magic:  9/9        EV:  9    Int: 16    God:
Gold:   153        SH:  0    Dex:  9    Spells: 9/9 levels left

rFire   . . .      SeeInvis .   e - +0 broad axe
rCold   . . .      Faith    .   (no shield)
rNeg    . . .      Spirit   .   b - +0 robe
rPois   .          Reflect  .   (helmet restricted)
rElec   .          Harm     .   (no cloak)
rCorr   +          Rampage  .   (gloves unavailable)
Will    .....                   (boots unavailable)
Stlth   ++........              (no amulet)
HPRegen 0.20/turn               c - ring of resist corrosion
MPRegen 0.11/turn               f - +4 ring of slaying {mikee}

@: no status effects
A: large, unfitting armour, tough skin 1
a: no special abilities


You were on level 4 of the Dungeon.
You visited 1 branch of the dungeon, and saw 4 of its levels.

You collected 153 gold pieces.


Innate Abilities, Weirdness & Mutations

You are too large for most types of armour.
You have tough skin. (AC +1)


   Skills:
 - Level 4.3 Fighting
 - Level 0.8 Short Blades
 + Level 4.7 Axes
 - Level 1.0 Throwing
 - Level 1.7 Dodging
 - Level 2.1 Stealth
 - Level 2.4 Spellcasting
 - Level 2.6 Hexes


You had 9 spell levels left.
You didn't know any spells.
Your spell library contained the following spells:

 Spells                   Type           Power      Damage    Failure   Level
 Ensorcelled Hibernation  Hex/Ice        12%        N/A       17%         2
 Confusing Touch          Hex            10%        N/A       21%         3
 Tukima's Dance           Hex            10%        N/A       21%         3
 Dazzling Flash           Conj/Hex       12%        N/A       34%         3

Inventory:

Hand Weapons
 e - a +0 broad axe (weapon)
Missiles
 j - 7 javelins (quivered)
Armour
 b - a +0 robe (worn)
Jewellery
 c - a ring of resist corrosion (left hand)
 f - a +4 ring of slaying (right hand) {mikee}
Scrolls
 k - 2 scrolls of identify
Potions
 a - a potion of brilliance {unknown}
 d - a potion of curing {unknown}
 h - a potion of heal wounds {unknown}
 l - a potion of might

Dungeon Overview and Level Annotations

Branches:
Dungeon (4/15)
 Temple: D:4-7

Altars:
Xom

Annotations:
D:4 Pikel, Robin


Message History

You kill the goblin!
A lemure comes into view.
Pikel says, "You'll rust in Dis!"
The lemure shouts!
You hit the lemure.
The lemure is lightly wounded.
You hear a shout!
A goblin comes into view. It is wielding a +0 dagger.
The lemure hits you.
You slash the lemure!
The lemure is heavily wounded.
The lemure hits you!
A lemure comes into view.
4432 ||| Stepping ~*~*~tactically~*~*~ (stealth).
Pikel attacks as you move away! Pikel barely misses you.
A lemure comes into view.
4433 ||| Stepping ~*~*~tactically~*~*~ (stealth).
4434 ||| Stepping ~*~*~tactically~*~*~ (stealth).
You slash Pikel!
Pikel is moderately wounded.
Pikel hits you with a +2 whip of freezing.
Pikel freezes you.
You slash the lemure!
The lemure is severely wounded.
You barely miss Pikel. The lemure barely misses you.
Pikel hits you with a +2 whip of freezing!
Pikel freezes you.
4437 ||| Stepping ~*~*~tactically~*~*~ (stealth).
Pikel attacks as you move away!
Pikel hits you with a +2 whip of freezing!
Pikel freezes you.
You slash the lemure!
You kill the lemure!
That felt strangely unrewarding.
You hit Pikel.
Pikel hits you with a +2 whip of freezing!
Pikel freezes you.
Robin of the Strong Arm comes into view.
They are wielding a +0 spear.
The lemure hits you!
You die...

#.. ...#.. #...... #..
#..#.# #.##### #.. #..#.#
#.# # #..########..#.#
#.##### #..#.>...##..#.#
#.#.... #..#.#
#.##..#.###.#....
#####..(.#
#..............##
..5...)..###.##......#.##.#
.####5(#..5@...........##.#
..(g..5.gK..........####.#
#######............## #.#
#.#...######## #.#
#..[#.....# ##.##
###...###.#######...# ##.##
#...........> #.#
########....# #.# #...#.


You could see Pikel, 2 lemures, Robin and a goblin.

Vanquished Creatures
  An ogre (D:4)
  A lemure (D:4)
  A bullfrog (D:4)
  A scorpion (D:4)
  An adder (D:3)
  A gnoll (D:1)
  A worm (D:2)
  2 dart slugs (D:3)
  3 ball pythons
  3 bats
  2 endoplasms
  5 giant cockroaches
  7 goblins
  8 hobgoblins
  2 jackals (D:1)
  7 kobolds
  4 quokkas
  2 frilled lizards
  7 rats
59 creatures vanquished.

Vanquished Creatures (collateral kills)
  An endoplasm (D:1)
  2 jackals (D:1)
3 creatures vanquished.

Grand Total: 62 creatures vanquished

Notes
Turn   | Place    | Note
-------+----------+-------------------------------------------
     0 | D:1      | qw the Ogre Enchanter began the quest for the Orb.
     0 | D:1      | Reached XP level 1. HP: 16/16 MP: 3/3
     0 | D:1      | 0 ||| qw: Version: 0.1-a-102-g441f92d
     0 | D:1      | 0 ||| qw: Game counter: 5232
     0 | D:1      | 0 ||| qw: Always use a shield: true
     0 | D:1      | 0 ||| qw: God list: Okawaru
     0 | D:1      | 0 ||| qw: Allow faded altars: false
     0 | D:1      | 0 ||| qw: Do Orc after D:15 true
     0 | D:1      | 0 ||| qw: Do second Lair branch before Depths: true
     0 | D:1      | 0 ||| qw: Lair rune preference: random
     0 | D:1      | 0 ||| qw: Plans: Normal
     0 | D:1      | 0 ||| PLANNING D:1-11
    42 | D:1      | 42 ||| Stepping ~*~*~tactically~*~*~ (stealth).
    43 | D:1      | 43 ||| Stepping ~*~*~tactically~*~*~ (stealth).
    55 | D:1      | Reached skill level 1 in Axes
    55 | D:1      | Reached XP level 2. HP: 13/24 MP: 5/5
   218 | D:1      | 218 ||| SWAPPING to +0 club.
   219 | D:1      | 219 ||| DROPPING +1 dagger.
   258 | D:1      | HP: 6/26 [poisoned by a kobold]
   260 | D:1      | HP: 1/26 [poisoned by a kobold]
   567 | D:1      | 567 ||| SWAPPING to +2 short sword of venom.
   569 | D:1      | 569 ||| DROPPING +0 club.
   571 | D:1      | 571 ||| READING scroll labelled REATUU NIETEA.
   573 | D:1      | 573 ||| DROPPING 2 potions of invisibility.
   575 | D:1      | Reached skill level 1 in Fighting
   878 | D:1      | Reached XP level 3. HP: 35/35 MP: 6/6
   889 | D:1      | 889 ||| READING scroll labelled YPTUAR YPEUB.
   890 | D:1      | 890 ||| READING scroll labelled URAAL VITYM.
   891 | D:1      | 891 ||| Stepping randomly (stuck).
   892 | D:1      | 892 ||| Stepping randomly (stuck).
   908 | D:1      | 908 ||| Stepping ~*~*~tactically~*~*~ (outnumbered).
   909 | D:1      | 909 ||| Stepping ~*~*~tactically~*~*~ (outnumbered).
  1276 | D:1      | 1276 ||| SWAPPING to +0 whip.
  1277 | D:1      | 1277 ||| DROPPING +2 short sword of venom.
  1341 | D:2      | 1341 ||| STAIRDANCE
  1458 | D:2      | 1458 ||| Stepping ~*~*~tactically~*~*~ (stealth).
  1538 | D:2      | Found a shimmering altar of Xom.
  1821 | D:2      | 1821 ||| Stepping ~*~*~tactically~*~*~ (stealth).
  1822 | D:2      | 1822 ||| Stepping ~*~*~tactically~*~*~ (stealth).
  2357 | D:2      | 2357 ||| Stepping ~*~*~tactically~*~*~ (stealth).
  2471 | D:2      | 2471 ||| DROPPING ring of magical power.
  2472 | D:2      | 2472 ||| READING scroll labelled ERGHET OJUU.
  2473 | D:2      | 2473 ||| READING scroll labelled RERYTHODA.
  2574 | D:2      | 2574 ||| READING scroll labelled LAUPLI QAYTAX.
  2575 | D:2      | 2575 ||| DRINKING 2 lumpy brown potions.
  2576 | D:2      | 2576 ||| DRINKING 2 inky potions.
  2612 | D:2      | 2612 ||| DROPPING potion of lignification.
  2627 | D:3      | 2627 ||| Stepping ~*~*~tactically~*~*~ (hiding).
  2729 | D:3      | 2729 ||| Stepping ~*~*~tactically~*~*~ (hiding).
  2780 | D:3      | 2780 ||| Stepping ~*~*~tactically~*~*~ (stealth).
  2782 | D:3      | 2782 ||| Stepping ~*~*~tactically~*~*~ (stealth).
  2784 | D:3      | 2784 ||| Stepping ~*~*~tactically~*~*~ (stealth).
  2798 | D:3      | Reached XP level 4. HP: 34/42 MP: 7/7
  2854 | D:3      | 2854 ||| Stepping ~*~*~tactically~*~*~ (hiding).
  2956 | D:3      | 2956 ||| Stepping ~*~*~tactically~*~*~ (hiding).
  3058 | D:3      | 3058 ||| Stepping ~*~*~tactically~*~*~ (hiding).
  3160 | D:3      | 3160 ||| Stepping ~*~*~tactically~*~*~ (hiding).
  3256 | D:3      | 3256 ||| Stepping ~*~*~tactically~*~*~ (stealth).
  3264 | D:3      | Reached skill level 1 in Throwing
  3370 | D:3      | Reached skill level 3 in Axes
  3615 | D:3      | 3615 ||| SWAPPING to +0 rapier.
  3616 | D:3      | 3616 ||| DROPPING +0 whip of draining.
  3686 | D:3      | Found a faded altar of an unknown god.
  4033 | D:3      | 4033 ||| UPGRADING to ring of resist corrosion.
  4034 | D:3      | 4034 ||| UPGRADING to +4 ring of slaying {mikee}.
  4035 | D:3      | 4035 ||| READING 2 scrolls labelled PIJIYXT TYGHO.
  4036 | D:3      | 4036 ||| READING scroll labelled ZIROTU ITRAPT.
  4037 | D:3      | 4037 ||| READING scroll labelled HALIMOOLEFF.
  4038 | D:3      | 4038 ||| DROPPING scroll of amnesia.
  4151 | D:4      | 4151 ||| SWAPPING to +0 broad axe.
  4152 | D:4      | 4152 ||| DROPPING +1 rapier.
  4262 | D:4      | Noticed a bullfrog
  4268 | D:4      | Killed a bullfrog
  4269 | D:4      | Reached XP level 5. HP: 31/55 MP: 8/8
  4405 | D:4      | 4405 ||| Stepping ~*~*~tactically~*~*~ (stealth).
  4406 | D:4      | 4406 ||| Stepping ~*~*~tactically~*~*~ (stealth).
  4420 | D:4      | Noticed an ogre
  4421 | D:4      | 4421 ||| Stepping ~*~*~tactically~*~*~ (stealth).
  4425 | D:4      | Killed an ogre
  4425 | D:4      | Noticed a lemure
  4426 | D:4      | Reached XP level 6. HP: 63/63 MP: 9/9
  4426 | D:4      | Noticed Pikel
  4432 | D:4      | 4432 ||| Stepping ~*~*~tactically~*~*~ (stealth).
  4433 | D:4      | 4433 ||| Stepping ~*~*~tactically~*~*~ (stealth).
  4434 | D:4      | 4434 ||| Stepping ~*~*~tactically~*~*~ (stealth).
  4437 | D:4      | 4437 ||| Stepping ~*~*~tactically~*~*~ (stealth).
  4438 | D:4      | HP: 9/63 [Pikel/+2 whip of freezing (11)]
  4438 | D:4      | Noticed Robin
  4438 | D:4      | Slain by a lemure

Levels and vault maps discovered:
D:1:      wander_arrival_lonely_grave, layout_loops_ring, serial_glass,
          glass_columns_a, glass_columns_a, glass_columns_a, glass_columns_a,
          glass_columns_a, glass_columns_a, item_on_display_a,
          minmay_tromino_v4_a
D:2:      layout_loops_corners, basic_altar
D:3:      layout_basic, dreamdust_ecumenical_altar_angels_and_demons
D:4:      layout_loops_ring, uniq_robin, uniq_pikel

Skill      XL: |  1  2  3  4  5 |
---------------+----------------+-----
Axes           | 1 2 3 4 |  4.7
Fighting       | 1 2 4 |  4.3
Throwing       | 1 |  1.0
Short Blades   | |  0.8
Dodging        | |  1.7
Stealth        | |  2.1
Spellcasting   | |  2.4
Hexes          | |  2.6

Action                   |  1- 3 |  4- 6 || total
-------------------------+-------+-------++-------
Melee: Dagger            |    17 |       ||    17
       Short sword       |    39 |       ||    39
       Club              |    10 |       ||    10
       Whip              |    52 |    21 ||    73
       Rapier            |       |    18 ||    18
       Broad axe         |       |    12 ||    12
Throw: Large rock        |     7 |    21 ||    28
       Javelin           |       |     1 ||     1
  Use: Scroll            |     6 |     3 ||     9
       Potion            |     2 |       ||     2
Armor: Robe              |    38 |     9 ||    47
Dodge: Dodged            |    49 |    19 ||    68

Table legend:
 A = Non-vault XP
 B = Vault XP
 C = Vault XP percentage of total XP
 D = Non-vault monster count
 E = Vault monster count
 F = Vault count percentage of total count
                 A         B        C        D         E       F
            +---------+---------+-------+---------+---------+-------
      Total |     415 |      10 |   2.4 |      55 |       6 |   9.8
            +---------+---------+-------+---------+---------+-------
        D:1 |      49 |       2 |   3.9 |      21 |       2 |   8.7
        D:2 |      29 |       0 |   0.0 |      15 |       0 |   0.0
        D:3 |      42 |       0 |   0.0 |      15 |       0 |   0.0
        D:4 |     295 |       8 |   2.6 |       4 |       4 |  50.0
            +---------+---------+-------+---------+---------+-------
